 Dungeon Crawl Stone Soup version 0.28.0-53-g5a82cb258f (webtiles) character file.

Game seed: 3858973267544042764

161 jjjjhere the Skirmisher (level 5, 0/47 HPs)
             Began as a Minotaur Enchanter on Oct 26, 2022.
             Was a Believer of Zin.
             Slain by a hornet (13 damage)
             ... on level 4 of the Dungeon.
             The game lasted 00:03:22 (2586 turns).

jjjjhere the Skirmisher (Minotaur Enchanter)        Turns: 2586, Time: 00:03:23

Health: 0/47       AC:  3    Str: 14    XL:     5   Next: 18%
Magic:  6/6        EV: 12    Int: 16    God:    Zin [**....]
Gold:   122        SH:  0    Dex: 11    Spells: 4/6 levels left

rFire   . . .      SeeInvis .   h - +5 spear of Gaegutut {holy, Int+4 Stlth+}
rCold   . . .      Faith    .   (no shield)
rNeg    . . .      Spirit   .   b - +0 robe
rPois   .          Reflect  .   (helmet restricted)
rElec   .          Harm     .   (no cloak)
rCorr   .          Rampage  .   (no gloves)
Will    .....                   j - +0 pair of boots
Stlth   +++.......              (no amulet)
HPRegen 0.15/turn               (no ring)
MPRegen 0.10/turn               (no ring)

@: attractive, slowed, very slow
A: horns 2, retaliatory headbutt
a: Renounce Religion, Recite, Vitalisation, Donate Gold


You were on level 4 of the Dungeon.
You worshipped Zin.
Zin was pleased with you.
You visited 1 branch of the dungeon, and saw 4 of its levels.

You collected 135 gold pieces.
You donated 13 gold pieces to Zin.

Inventory:

Hand Weapons
 a - a +1 dagger
 f - a +0 dagger of venom
 h - the +5 spear of Gaegutut (weapon) {holy, Int+4 Stlth+}
   (You found it on level 2 of the Dungeon)

   It has been blessed by the Shining One to cause great damage to the undead
   and demons.
   Int:       It affects your intelligence (+4).
   Stlth:     It makes you more stealthy.
 k - a +0 morningstar
 o - a +3 trident
Armour
 b - a +0 robe (worn)
 j - a +0 pair of boots (worn)
Scrolls
 d - 3 scrolls of identify {unknown}
 e - a scroll of fear {unknown}
 l - a scroll of magic mapping {unknown}
 p - a scroll of teleportation {unknown}
Potions
 m - a potion of curing


   Skills:
 - Level 4.7 Fighting
 - Level 1.1 Short Blades
 + Level 0.0(1.9) Axes
 - Level 1.4 Maces & Flails
 - Level 2.8 Polearms
 - Level 2.1 Dodging
 - Level 2.4 Stealth
 - Level 1.3 Spellcasting
 - Level 2.0 Hexes


You had 4 spell levels left.
You knew the following spells:

 Your Spells              Type           Power      Damage    Failure   Level
a - Ensorcelled Hibernat  Hex/Ice        8%         N/A       22%         2

Your spell library contained the following spells:

 Spells                   Type           Power      Damage    Failure   Level
 Confusing Touch          Hex            7%         N/A       28%         3
 Tukima's Dance           Hex            7%         N/A       28%         3
 Dazzling Flash           Conj/Hex       8%         N/A       41%         3
 Ignite Poison            Fire/Tmut/Pois 1%         N/A       54%         3
 Mephitic Cloud           Conj/Pois/Air  1%         N/A       54%         3
 Freezing Cloud           Conj/Ice/Air   0%         6-21      99%         5


Dungeon Overview and Level Annotations

Branches:
Dungeon (4/15)
 Temple: D:4-7

Altars:
Okawaru
Ru
Uskayaw
Zin

Shops:
D:3 =


Innate Abilities, Weirdness & Mutations

You have a pair of horns on your head.
You reflexively headbutt those who attack you in melee.


Message History

Your magical effects are unravelling.
You feel magically purged.
You feel yourself speed up.
You flicker back into view.
You feel sick. The hornet stings you!
* * * LOW HITPOINT WARNING * * *
You suddenly lose the ability to move!
The kobold hits you but does no damage. The hornet stings you.
* * * LOW HITPOINT WARNING * * *
You feel yourself slow down.
The giant cockroach bites you but does no damage.
The kobold hits you with a +0 dagger.
* * * LOW HITPOINT WARNING * * *
You can move again.
You feel much better.
You feel yourself speed up.
You feel sick.
The hornet completely misses you. x2; You furiously retaliate!
You headbutt the hornet. The giant cockroach misses you.
The kobold hits you but does no damage. The hornet stings you!
* * * LOW HITPOINT WARNING * * *
You feel yourself slow down.
The giant cockroach bites you but does no damage.
It was a potion of attraction.
You feel attractive to monsters.
You feel yourself speed up.
You feel sick. The hound skeleton barely misses you. You furiously retaliate!
You headbutt the hound skeleton. The hornet stings you!
Zin protects you from harm!
You are lethally poisoned!
You shrug off the repeated paralysis!
The kobold hits you but does no damage. The giant cockroach bites you.
* * * LOW HITPOINT WARNING * * *
The hound skeleton misses you. The hornet stings you.
* * * LOW HITPOINT WARNING * * *
You are more poisoned.
You feel yourself slow down. The kobold hits you with a +0 dagger.
* * * LOW HITPOINT WARNING * * *
The adder is attracted toward you.
It was a potion of curing.
You feel better.
The giant cockroach bites you but does no damage.
The hornet stings you!
You die...

....... .B..)Z.
......# ......#
### ..).. ..##
...
.#######B##.##..#
#..≈≈≈.@#.B....#
..≈!S.ZyK#..#.##
..≈._.≈..[#...#
.§≈..$≈$.#...##
#..≈≈≈..#...##
.#######...## ..#
###


You could see a hornet, an adder (asleep), a giant cockroach, a kobold and a
hound skeleton.

Vanquished Creatures
  A scorpion (D:2)
  5 adders
  A dart slug (D:3)
  A worm (D:3)
  2 orcs (D:3)
  3 ball pythons
  4 endoplasms
  3 giant cockroaches
  3 goblins
  7 hobgoblins
  4 jackals (D:3)
  2 quokkas
  4 bats
  2 frilled lizards
  8 kobolds
  A rat (D:1)
51 creatures vanquished.

Notes
Turn   | Place    | Note
-------+----------+-------------------------------------------
     0 | D:1      | jjjjhere the Minotaur Enchanter began the quest for the
                  | Orb.
     0 | D:1      | Reached XP level 1. HP: 14/14 MP: 1/1
    67 | D:1      | Reached skill level 1 in Fighting
    91 | D:1      | Reached skill level 2 in Fighting
    91 | D:1      | Reached XP level 2. HP: 12/24 MP: 3/3
   417 | D:1      | Found a faded altar of an unknown god.
   429 | D:1      | Prayed at the altar of an unknown god.
   429 | D:1      | Became a worshipper of Zin the Law-Giver
   429 | D:1      | Reached * piety under Zin
   848 | D:2      | Reached skill level 3 in Fighting
   902 | D:2      | Noticed a scorpion
   912 | D:2      | Killed a scorpion
   913 | D:2      | Reached skill level 4 in Fighting
   913 | D:2      | Reached XP level 3. HP: 28/34 MP: 4/4
   913 | D:2      | Reached XP level 4. HP: 34/41 MP: 5/5
   916 | D:2      | Learned a level 2 spell: Ensorcelled Hibernation
  1010 | D:2      | Identified the +5 spear of Gaegutut {holy, Int+4 Stlth+}
  1055 | D:2      | Reached ** piety under Zin
  1123 | D:2      | Reached skill level 1 in Polearms
  1987 | D:3      | Reached XP level 5. HP: 47/47 MP: 6/6
  2024 | D:3      | Found Labol's Jewellery Shop.
  2199 | D:3      | Reached skill level 1 in Maces & Flails
  2257 | D:3      | Found a hide-covered altar of Uskayaw.
  2262 | D:3      | Found an iron altar of Okawaru.
  2572 | D:4      | Found a sacrificial altar of Ru.
  2572 | D:4      | Noticed a hornet
  2575 | D:4      | Paralysed by a hornet for 2 turns
  2577 | D:4      | HP: 9/47 [hornet (14)]
  2578 | D:4      | Zin protects you from harm!
  2582 | D:4      | HP: 15/47 [kobold/+0 dagger (1)]
  2583 | D:4      | HP: 6/47 [hornet (8)]
  2583 | D:4      | Paralysed by a hornet for 1 turns
  2583 | D:4      | HP: 2/47 [kobold/+0 dagger (1)]
  2585 | D:4      | Zin protects you from harm!
  2586 | D:4      | Slain by a hornet

Illustrated notes

Levels and vault maps discovered:
D:1:      mrwooster_arrival_statue_3, layout_rooms,
          dreamdust_ecumenical_altar_hidden_monk_grotto
D:2:      layout_loops_ring, grunt_decor_fettered
D:3:      minmay_general_purpose_star, layout_loops_ring,
          grunt_temple_overflow_open, serial_shops, nicolae_shop_waterfront,
          nicolae_elevator_lobby_plus
D:4:      layout_layer_cave, nicolae_ru_awakened_eye, temple_fountains

Skill      XL: |  1  2  3  4  5 |
---------------+----------------+-----
Fighting       | 2 4 |  4.7
Polearms       | 2 |  2.8
Maces & Flails | 1 |  1.4
Short Blades   | |  1.1
Dodging        | |  2.1
Stealth        | |  2.4
Spellcasting   | |  1.3
Hexes          | |  2.0

Action                   |  1- 3 |  4- 6 || total
-------------------------+-------+-------++-------
Melee: Dagger            |    51 |       ||    51
       Headbutt          |     9 |    13 ||    22
       Spear             |       |    58 ||    58
       Punch             |       |     1 ||     1
       Morningstar       |       |     3 ||     3
  Use: Potion            |       |     6 ||     6
 Stab: Sleeping          |       |     8 ||     8
       Distracted        |       |     1 ||     1
Armor: Robe              |     5 |    11 ||    16
Dodge: Dodged            |    29 |    30 ||    59
